 Dungeon Crawl Stone Soup version 0.21.1-1-g345015fe64 (webtiles) character file.

215 Nattfarinn the Sneak (level 5, 0/39 HPs)
             Began as a Gnoll Enchanter on May 8, 2018.
             Succumbed to Dickchan's ghost's poison
             ... on level 3 of the Dungeon.
             The game lasted 00:05:43 (2548 turns).

Nattfarinn the Sneak (Gnoll Enchanter)              Turns: 2548, Time: 00:05:44

Health: 0/39       AC:  5    Str: 15    XL:     5   Next: 92%
Magic:  3/12       EV: 17    Int: 23    God:
Gold:   128        SH:  0    Dex: 16    Spells: 5/14 levels left

rFire    . . .     SeeInvis .   a - +1 dagger
rCold    . . .     Gourm    .   (no shield)
rNeg     . . .     Faith    .   b - +0 robe
rPois    .         Spirit   .   (no helmet)
rElec    .         Reflect  .   (no cloak)
rCorr    .         Harm     .   (no gloves)
MR       .....                  (no boots)
Stlth    ++++......             (no amulet)
HPRegen  0.13/turn              g - ring of stealth
MPRegen  0.13/turn              (no ring)

@: mighty, brilliant, lethally poisoned (0 -> -16), flying
A: distributed training, fangs 1, repulsion field 1, rugged brown scales 1, thin
metallic scales 1, strong nose
a: no special abilities


You were on level 3 of the Dungeon.
You were not hungry.

You visited 1 branch of the dungeon, and saw 3 of its levels.

You collected 128 gold pieces.

Inventory:

Hand Weapons
 a - a +1 dagger (weapon)
Armour
 b - a +0 robe (worn)
Jewellery
 g - a ring of stealth (left hand)
Scrolls
 e - a scroll of immolation {unknown}
 f - 2 scrolls of remove curse {unknown}
 j - a scroll of amnesia {unknown}
 l - a scroll of magic mapping {unknown}
 m - a scroll of enchant armour {unknown}
 p - 2 scrolls of identify {unknown}
 r - a scroll of blinking {unknown}
Books
 c - a book of Maledictions

   Spells                             Type                      Level
   a - Corona                         Hexes                        1
   b - Ensorcelled Hibernation        Hexes/Ice                    2
   c - Confuse                        Hexes                        3
   d - Tukima's Dance                 Hexes                        3
   e - Dazzling Spray                 Conjuration/Hexes            3
Comestibles
 d - 6 rations
 h - 7 chunks of flesh


   Skills:
 + Level 1.6 Fighting
 + Level 3.1 Short Blades
 + Level 1.6 Long Blades
 + Level 1.6 Axes
 + Level 1.6 Maces & Flails
 + Level 1.6 Polearms
 + Level 1.6 Staves
 + Level 1.6 Slings
 + Level 1.6 Bows
 + Level 1.6 Crossbows
 + Level 1.6 Throwing
 + Level 1.6 Armour
 + Level 4.8 Dodging
 + Level 6.2 Stealth
 + Level 1.6 Shields
 + Level 1.6 Unarmed Combat
 + Level 5.2 Spellcasting
 + Level 1.3 Conjurations
 + Level 5.6 Hexes
 + Level 1.3 Charms
 + Level 1.3 Summonings
 + Level 1.3 Necromancy
 + Level 1.3 Translocations
 + Level 1.3 Transmutations
 + Level 1.3 Fire Magic
 + Level 1.3 Ice Magic
 + Level 1.3 Air Magic
 + Level 1.3 Earth Magic
 + Level 1.3 Poison Magic
 + Level 1.9 Invocations
 + Level 1.6 Evocations


You had 5 spell levels left.
You knew the following spells:

 Your Spells              Type           Power        Failure   Level  Hunger
a - Corona                Hex            #####..      1%          1    None
b - Ensorcelled Hibernat  Hex/Ice        #####.       1%          2    None
c - Confuse               Hex            #####...     1%          3    ##.....
d - Tukima's Dance        Hex            #####...     1%          3    ##.....


Dungeon Overview and Level Annotations

Branches:
Dungeon (3/15)

Altars:
Ru

Annotations:
D:3 Dickchan's ghost, amateur DrTm


Innate Abilities, Weirdness & Mutations

Your experience applies equally to all skills.
You have very sharp teeth.
Your uncanny sense of smell can sniff out nearby items.
You are surrounded by a mild repulsion field. (EV +2)
You are partially covered in rugged brown scales. (AC +1, +3% HP)
You are partially covered in thin metallic scales. (AC +2)


Message History

Casting: Confuse
Confirm with . or Enter, or press ? or * to list all spells.
Aiming: Confuse
Press: ? - help, Shift-Dir - straight line, f/p - Dickchan's ghost
Aim: Dickchan's ghost, wielding a weapon of venom (chance to defeat MR: 49%) Dickchan's ghost appears confused.
* * * LOW HITPOINT WARNING * * *
You feel sick.
The jackal bites you but does no damage.
The jackal bites you.
* * * LOW HITPOINT WARNING * * *
It was a potion of flight.
You feel very buoyant.
You fly up into the air.
* * * LOW HITPOINT WARNING * * *
You feel sick.
The jackal bites you but does no damage.
It was a potion of brilliance.
You feel clever all of a sudden.
You die...

#.
##.#....###.##.####
..###.(#....# #.#
.# #...#.#...(##.#.
# #.)......÷(.# #.
#...÷...(#.## #.
...<..#.#...## #.
##......##W..## ##
#.###..#.....## # #
#......@..#...#
.........h.....#
##.##.#.........
...............#
.........##.#<##
.......... .#.#
###.#.###. # .....
.# ##.## ∆..


You could see Dickchan's ghost (confused) and a jackal.

Vanquished Creatures
  A phantom (D:2)
  A gnoll (D:1)
  3 adders
  3 worms
  5 dart slugs
  3 leopard geckos
  8 bats
  A giant cockroach (D:1)
  11 goblins
  3 hobgoblins
  6 jackals
  A quokka (D:2)
  A ball python (D:2)
  4 frilled lizards
  12 kobolds
  7 rats
  A plant (D:1)
71 creatures vanquished.

Notes
Turn   | Place    | Note
-------+----------+-------------------------------------------
     0 | D:1      | Nattfarinn the Gnoll Enchanter began the quest for the Orb.
     0 | D:1      | Reached XP level 1. HP: 13/13 MP: 6/6
   228 | D:1      | Reached XP level 2. HP: 11/19 MP: 7/7
   600 | D:1      | Learned a level 2 spell: Ensorcelled Hibernation
   773 | D:1      | Reached XP level 3. HP: 25/25 MP: 9/9
   808 | D:1      | Reached skill level 5 in Spellcasting
   862 | D:1      | Learned a level 3 spell: Confuse
   866 | D:1      | Learned a level 3 spell: Tukima's Dance
   896 | D:1      | Reached skill level 6 in Stealth
   896 | D:1      | Reached skill level 1 in Invocations
  1158 | D:2      | Reached skill level 1 in Fighting
  1158 | D:2      | Reached skill level 1 in Long Blades
  1158 | D:2      | Reached skill level 1 in Axes
  1158 | D:2      | Reached skill level 1 in Maces & Flails
  1158 | D:2      | Reached skill level 1 in Polearms
  1158 | D:2      | Reached skill level 1 in Staves
  1158 | D:2      | Reached skill level 1 in Slings
  1158 | D:2      | Reached skill level 1 in Bows
  1158 | D:2      | Reached skill level 1 in Crossbows
  1158 | D:2      | Reached skill level 1 in Throwing
  1158 | D:2      | Reached skill level 1 in Armour
  1158 | D:2      | Reached skill level 1 in Shields
  1158 | D:2      | Reached skill level 1 in Unarmed Combat
  1158 | D:2      | Reached skill level 1 in Evocations
  1244 | D:2      | Reached XP level 4. HP: 32/32 MP: 11/11
  1245 | D:2      | Noticed a phantom
  1270 | D:2      | Killed a phantom
  1270 | D:2      | Reached skill level 1 in Conjurations
  1270 | D:2      | Reached skill level 1 in Charms
  1270 | D:2      | Reached skill level 1 in Summonings
  1270 | D:2      | Reached skill level 1 in Necromancy
  1270 | D:2      | Reached skill level 1 in Translocations
  1270 | D:2      | Reached skill level 1 in Transmutations
  1270 | D:2      | Reached skill level 1 in Fire Magic
  1270 | D:2      | Reached skill level 1 in Ice Magic
  1270 | D:2      | Reached skill level 1 in Air Magic
  1270 | D:2      | Reached skill level 1 in Earth Magic
  1270 | D:2      | Reached skill level 1 in Poison Magic
  1270 | D:2      | Reached XP level 5. HP: 36/37 MP: 1/12
  1960 | D:2      | Found a sacrificial altar of Ru.
  2508 | D:3      | Noticed Dickchan's ghost (amateur DrTm)
  2544 | D:3      | Gained mutation: You are partially covered in thin metallic scales. (AC +2) [potion of mutation]
  2544 | D:3      | Gained mutation: You are partially covered in rugged brown scales. (AC +1, +3% HP) [potion of mutation]
  2544 | D:3      | Gained mutation: You are surrounded by a mild repulsion field. (EV +2) [potion of mutation]
  2547 | D:3      | HP: 1/39 [poisoned by Dickchan's ghost]
  2548 | D:3      | Succumbed to Dickchan's ghost's poison

Skill      XL: |  1  2  3  4  5 |
---------------+----------------+-----
Spellcasting   | 5 |  5.2
Stealth        | 6 |  6.2
Invocations    | 1 |  1.9
Fighting       | 1 |  1.6
Long Blades    | 1 |  1.6
Axes           | 1 |  1.6
Maces & Flails | 1 |  1.6
Polearms       | 1 |  1.6
Staves         | 1 |  1.6
Slings         | 1 |  1.6
Bows           | 1 |  1.6
Crossbows      | 1 |  1.6
Throwing       | 1 |  1.6
Armour         | 1 |  1.6
Shields        | 1 |  1.6
Unarmed Combat | 1 |  1.6
Evocations     | 1 |  1.6
Conjurations   | 1 |  1.3
Charms         | 1 |  1.3
Summonings     | 1 |  1.3
Necromancy     | 1 |  1.3
Translocations | 1 |  1.3
Transmutations | 1 |  1.3
Fire Magic     | 1 |  1.3
Ice Magic      | 1 |  1.3
Air Magic      | 1 |  1.3
Earth Magic    | 1 |  1.3
Poison Magic   | 1 |  1.3
Short Blades   | 3 |  3.1
Dodging        | |  4.8
Hexes          | |  5.6

Action                   |  1- 3 |  4- 6 || total
-------------------------+-------+-------++-------
Melee: Dagger            |   132 |   109 ||   241
       Bite              |    14 |    10 ||    24
       Punch             |     1 |       ||     1
 Cast: Ensorcelled Hiber |     3 |    10 ||    13
       Confuse           |       |     9 ||     9
  Use: Potion            |     1 |     5 ||     6
 Stab: Sleeping          |    18 |    14 ||    32
       Confused          |       |     2 ||     2
  Eat: Chunk             |     1 |     5 ||     6
Armor: Robe              |     9 |    31 ||    40
Dodge: Dodged            |    68 |   115 ||   183
